 Dungeon Crawl Stone Soup version 0.25-a0-404-gc1b5a34292 (webtiles) character file.

Game seed: 13039646435996448790, levelgen mode: deterministic

21 MordorOrchid the Skirmisher (level 2, -3/25 HPs)
             Began as a Demonspawn Wanderer on Jan 12, 2020.
             Slain by a gnoll
             ... wielding a cursed -3 flail
              (12 damage)
             ... on level 1 of the Dungeon.
             The game lasted 00:02:48 (776 turns).

MordorOrchid the Skirmisher (Demonspawn Wanderer)    Turns: 776, Time: 00:02:49

Health: -3/25      AC:  2    Str: 13    XL:     2   Next: 62%
Magic:  2/2        EV: 14    Int: 11    God:
Gold:   32         SH:  0    Dex: 13    Spells: 1/1 levels left

rFire    + . .     SeeInvis .   a - +2 mace
rCold    x . .     Gourm    .   (no shield)
rNeg     . . .     Faith    .   e - +0 robe
rPois    .         Spirit   .   (no helmet)
rElec    .         Reflect  .   (no cloak)
rCorr    .         Harm     .   (no gloves)
MR       .....                  (no boots)
Stlth    +.........             (no amulet)
HPRegen  0.08/turn              b - ring of fire
MPRegen  0.08/turn              (no ring)

@: no status effects
A: repulsion field 1
a: no special abilities


You were on level 1 of the Dungeon.
You were not hungry.

You visited 1 branch of the dungeon, and saw 1 of its levels.

You collected 32 gold pieces.

Inventory:

Hand Weapons
 a - a +2 mace (weapon)
 d - a +0 quarterstaff
 j - a +0 shortbow
Missiles
 c - 20 arrows
 h - 19 sling bullets
Armour
 e - a +0 robe (worn)
Jewellery
 b - a ring of fire (left hand)
Scrolls
 n - a scroll of fog {unknown}
Potions
 g - a potion of brilliance {unknown}
 k - a potion of agility {unknown}
 l - a potion of degeneration
Comestibles
 f - 3 rations
 m - a chunk of flesh


   Skills:
 - Level 4.0 Fighting
 - Level 1.7(1.9) Maces & Flails
 - Level 1.0(1.5) Staves
 * Level 1.4 Armour
 * Level 1.7 Dodging
   Level 1.0 Shields
   Level 1.0 Evocations


You had one spell level left.
You didn't know any spells.
Your spell library was empty.

Dungeon Overview and Level Annotations

Branches:
Dungeon (1/15)

Altars:


Innate Abilities, Weirdness & Mutations

You are surrounded by a mild repulsion field. (EV +2)


Message History

You kill the leopard gecko!
Okay, then.
As you read the scroll labeled PETTEO UBRAOT, it crumbles to dust.
It is a scroll of identify.
l - a potion of degeneration You hit the gnoll.
The gnoll is lightly wounded.
The gnoll barely misses you.
You hit the gnoll but do no damage.
The gnoll is lightly wounded.
The gnoll barely misses you.
You hit the gnoll.
The gnoll is heavily wounded.
The gnoll hits you with a cursed -3 flail!
The gnoll closely misses you.
The gnoll hits you with a cursed -3 flail.
You thump the gnoll!
The gnoll is almost dead.
The gnoll hits you with a cursed -3 flail!
You die...

#######################
#.........>.....@g....#
#.###################.#
#.# #.# ##### ..#
###.#####...# ###
#...........#
#.#######...# #. ##..#
# #..### #####.....


You could see a gnoll.

Vanquished Creatures
  3 leopard geckos (D:1)
  3 bats (D:1)
  A giant cockroach (D:1)
  3 goblins (D:1)
  3 hobgoblins (D:1)
  2 frilled lizards (D:1)
  A rat (D:1)
16 creatures vanquished.

Notes
Turn   | Place    | Note
-------+----------+-------------------------------------------
     0 | D:1      | MordorOrchid the Demonspawn Wanderer began the quest for
                  | the Orb.
     0 | D:1      | MordorOrchid set off with the following items: a +2 mace, a
                  | +0 shortbow, 20 arrows, a +0 quarterstaff, a +0 robe, a
                  | ration
     0 | D:1      | Reached XP level 1. HP: 19/19 MP: 1/1
   101 | D:1      | Reached skill level 1 in Armour
   101 | D:1      | Gained mutation: You are surrounded by a mild repulsion
                  | field. (EV +2) [demonic ancestry]
   101 | D:1      | Reached XP level 2. HP: 20/25 MP: 2/2
   776 | D:1      | Slain by a gnoll

Levels and vault maps discovered:
D:1:      co_arrival_random_square_maze, layout_loops_ring,
          kennysheep_flooded_box

Skill      XL: |  1 |
---------------+----+-----
Armour         | 1 |  1.4
Fighting       | |  4.0
Maces & Flails | |  1.7
Staves         | |  1.0
Dodging        | |  1.7
Shields        | |  1.0
Evocations     | |  1.0

Action                   || total
-------------------------++-------
Melee: Mace              ||    55
  Use: Scroll            ||     1
Armor: Robe              ||    10
Dodge: Dodged            ||    46

Table legend:
 A = Non-vault XP
 B = Vault XP
 C = Vault XP percentage of total XP
 D = Non-vault monster count
 E = Vault monster count
 F = Vault count percentage of total count
                 A         B        C        D         E       F
            +---------+---------+-------+---------+---------+-------
      Total |      30 |       0 |   0.0 |      16 |       0 |   0.0
            +---------+---------+-------+---------+---------+-------
        D:1 |      30 |       0 |   0.0 |      16 |       0 |   0.0
            +---------+---------+-------+---------+---------+-------
